 Dungeon Crawl Stone Soup version 0.28-a0-224-g76b539d98b (webtiles) character file.

Game seed: 2670466915396704939

1166 GimliDwarf the Destroyer (level 8, -1/41 HPs)
             Began as a Tengu Conjurer on Aug 22, 2021.
             Engulfed by a cloud of steam (10 damage)
             ... on level 5 of the Dungeon.
             The game lasted 00:25:55 (6350 turns).

GimliDwarf the Destroyer (Tengu Conjurer)           Turns: 6350, Time: 00:25:57

Health: -1/41      AC:  6    Str:  8    XL:     8   Next: 40%
Magic:  6/17       EV: 14    Int: 21    God:
Gold:   215        SH:  0    Dex: 12    Spells: 11/18 levels left

rFire   . . .      SeeInvis .   b - +2 flail (holy)
rCold   . . .      Faith    .   (no shield)
rNeg    + . .      Spirit   .   i - +3 leather armour {rN+}
rPois   .          Reflect  .   (helmet restricted)
rElec   .          Harm     .   (no cloak)
rCorr   .          Rampage  .   (no gloves)
Will    .....                   (boots unavailable)
Stlth   ++........              (no amulet)
HPRegen 0.13/turn               (no ring)
MPRegen 0.15/turn               (no ring)

@: flying quickly and evasively, very slightly contaminated, quick
A: beak, talons 3, nimble flight
a: no special abilities


You were on level 5 of the Dungeon.
You visited 1 branch of the dungeon, and saw 5 of its levels.

You collected 215 gold pieces.

Inventory:

Hand Weapons
 b - a +2 flail of holy wrath (weapon)
Missiles
 f - 3 throwing nets
Armour
 i - a +3 leather armour of positive energy (worn)
Jewellery
 j - a +6 ring of intelligence
Scrolls
 c - 2 scrolls of teleportation
 k - a scroll of fear
Potions
 d - 2 potions of berserk rage
 e - a potion of resistance {unknown}
 h - a potion of degeneration {unknown}


   Skills:
 * Level 2.1 Armour
 * Level 4.0 Dodging
 + Level 3.9 Stealth
 * Level 5.8 Spellcasting
 + Level 8.4 Conjurations
 * Level 1.9 Translocations


You had 11 spell levels left.
You knew the following spells:

 Your Spells              Type           Power      Damage    Failure   Level
a - Magic Dart            Conj           100%       1d8       1%          1
b - Searing Ray           Conj           82%        3d6       1%          2
c - Iskenderun's Mystic   Conj/Tloc      28%        2d7       16%         4

Your spell library contained the following spells:

 Spells                   Type           Power      Damage    Failure   Level
 Static Discharge         Conj/Air       23%        N/A       3%          2
 Dazzling Flash           Conj/Hex       46%        N/A       8%          3
 Fulminant Prism          Conj/Hex       11%        3d9       24%         4
 Sticky Flame             Conj/Fire      23%        2d4       24%         4
 Dispel Undead            Necr           6%         3d8       80%         4


Dungeon Overview and Level Annotations

Branches:
Dungeon (5/15)
 Temple: D:4-7

Altars:

Annotations:
D:3 3 runed translucent doors, timneilson's ghost, amateur GrFi
D:5 2 runed translucent doors, BonemanJones's ghost, amateur MiBe


Innate Abilities, Weirdness & Mutations

You have a beak for a mouth.
You have claws for feet.
Your magical nature lets you fly swiftly and evasively.


Message History

(Press . to maintain the ray.)
Casting: Searing Ray (safe; 1% risk of failure)
Confirm with . or Enter, or press ? or * to list all spells.
Okay, then.
Casting: Searing Ray (safe; 1% risk of failure)
Confirm with . or Enter, or press ? or * to list all spells.
Restarting spell: Searing Ray (safe; 1% risk of failure)
Press: ? - help, Shift-Dir - straight line, f/p - steam dragon
Aim: a steam dragon (82% to hit)
Okay, then.
The searing ray hits the steam dragon!
The steam dragon is moderately wounded.
The searing ray hits the steam dragon!
The steam dragon is severely wounded.
The searing ray hits the steam dragon!
The steam dragon is almost dead.
You finish channeling your searing ray.
The steam dragon breathes steam at you. The ball of steam hits you!!
Casting: Searing Ray (safe; 1% risk of failure)
Confirm with . or Enter, or press ? or * to list all spells.
The spell is quite dangerous to cast (16% risk of failure)!
Continue anyway?
You miscast Iskenderun's Mystic Blast.
You are very lightly contaminated with residual magic.
Nothing appears to happen.
You are engulfed in a cloud of scalding steam.
* * * LOW HITPOINT WARNING * * *
The steam dragon bites you.
* * * LOW HITPOINT WARNING * * *
The steam dragon misses you.
Casting: Iskenderun's Mystic Blast (quite dangerous; 16% risk of failure)
Confirm with . or Enter, or press ? or * to list all spells.
Aiming: Searing Ray (safe; 1% risk of failure)
Press: ? - help, Shift-Dir - straight line, f/p - steam dragon
Aim: a steam dragon (almost dead, 82% to hit)
The searing ray hits the steam dragon!
You kill the steam dragon! (Press . to maintain the ray.)
You are engulfed in a cloud of scalding steam.
You die...

. #. .# .#
.##.. .#
....# ##.
##...# #.#
#....# #@##
##...#
##.###..#.#
##.....#.#
##.......##
#.####....###
##.#
##.<...##.
##.##
#..##....
##..#
#.##...#.
#..##
##.#...##


There were no monsters in sight!

Vanquished Creatures
  Eustachio (D:4)
  A steam dragon (D:5)
  A black bear (D:4)
  A hornet zombie (D:5)
  A necrophage (D:5)
  An ogre (D:3)
  3 howler monkeys
  3 hounds
  A jelly (D:4)
  Natasha (thrice) (D:4)
  3 orc wizards
  8 adders
  7 gnolls
  A river rat (D:5)
  An adder skeleton (D:4)
  5 worms
  A dart slug (D:4)
  20 orcs
  6 ball pythons
  10 endoplasms
  2 giant cockroaches
  9 goblins
  8 hobgoblins
  7 quokkas
  6 bats
  6 frilled lizards
  5 kobolds
  8 rats
129 creatures vanquished.

Vanquished Creatures (others)
  2 plants
2 creatures vanquished.

Grand Total: 131 creatures vanquished

Notes
Turn   | Place    | Note
-------+----------+-------------------------------------------
     0 | D:1      | GimliDwarf the Tengu Conjurer began the quest for the Orb.
     0 | D:1      | Reached XP level 1. HP: 10/10 MP: 4/4
   246 | D:1      | Reached XP level 2. HP: 15/15 MP: 0/6
   249 | D:1      | Learned a level 2 spell: Searing Ray
   790 | D:1      | Reached skill level 6 in Conjurations
   790 | D:1      | Reached XP level 3. HP: 19/19 MP: 3/7
   846 | D:1      | Found a faded altar of an unknown god.
  1484 | D:2      | Reached XP level 4. HP: 24/24 MP: 2/8
  2328 | D:3      | Gained mutation: Your magical nature lets you fly swiftly
                  | and evasively. [Tengu growth]
  2328 | D:3      | Reached XP level 5. HP: 28/28 MP: 5/10
  2881 | D:3      | Noticed an ogre
  2899 | D:3      | Killed an ogre
  2900 | D:3      | Reached skill level 7 in Conjurations
  2900 | D:3      | Reached XP level 6. HP: 18/32 MP: 3/12
  3140 | D:3      | Learned a level 4 spell: Iskenderun's Mystic Blast
  3171 | D:3      | Found a runed translucent gate.
  3171 | D:3      | Found a runed translucent gate.
  3171 | D:3      | Found a runed translucent gate.
  3171 | D:3      | Noticed timneilson's ghost (amateur GrFi)
  3461 | D:4      | Noticed Natasha
  3465 | D:4      | Killed Natasha
  3537 | D:4      | Noticed Natasha
  3541 | D:4      | Killed Natasha
  3570 | D:4      | Noticed Natasha
  3574 | D:4      | Killed Natasha
  3730 | D:4      | Reached XP level 7. HP: 36/36 MP: 9/14
  3993 | D:4      | Reached skill level 1 in Translocations
  4343 | D:4      | Noticed Eustachio
  4518 | D:4      | Killed Eustachio
  4519 | D:4      | Reached skill level 1 in Armour
  4519 | D:4      | Reached skill level 8 in Conjurations
  4903 | D:4      | Reached skill level 5 in Spellcasting
  5009 | D:5      | Entered Level 5 of the Dungeon
  5067 | D:5      | Reached XP level 8. HP: 41/41 MP: 11/16
  5561 | D:5      | Found a large runed translucent door.
  5561 | D:5      | Found a large runed translucent door.
  5561 | D:5      | Noticed BonemanJones's ghost (amateur MiBe)
  6350 | D:5      | Engulfed by a cloud of steam

Illustrated notes

Levels and vault maps discovered:
D:1:      dpeg_arrival_triangle_fractal, layout_loops_corners,
          hellmonk_ecumenical_altar_blasted, serial_bayou_pond_e,
          minmay_misc_feat_secret_circle, minmay_pentomino_p4
D:2:      layout_rooms, feat_on_display
D:3:      layout_loops_ring, gammafunk_ghost_necromancy,
          minmay_tree_intersection
D:4:      layout_cave_pools, serial_forest, infiniplex_forest_straight_4,
          infiniplex_forest_lined_room_, infiniplex_forest_fountain,
          infiniplex_forest_lined_room_2, infiniplex_forest_side_room,
          infiniplex_forest_clump_double, infiniplex_forest_corner_1,
          infiniplex_forest_clump_curved, uniq_eustachio, uniq_natasha
D:5:      layout_layer_cave, ebering_ghost_disaster_area,
          lightli_sewer_entry_pipes, minmay_misc_feat_cross

Skill      XL: |  1  2  3  4  5  6  7  8 |
---------------+-------------------------+-----
Conjurations   | 6 7 8 |  8.4
Spellcasting   | 3 4 5 |  5.8
Stealth        | 3 |  3.9
Dodging        | 3 4 |  4.0
Translocations | 1 |  1.9
Armour         | 1 2 |  2.1

Action                   |  1- 3 |  4- 6 |  7- 9 || total
-------------------------+-------+-------+-------++-------
Melee: Unarmed           |     2 |       |       ||     2
       Flail             |       |     1 |       ||     1
       Kick              |       |     1 |       ||     1
 Cast: Magic Dart        |    46 |    79 |    62 ||   187
       Searing Ray       |     7 |    19 |    24 ||    50
       Iskenderun's Myst |       |       |     1 ||     1
  Use: Scroll            |       |     4 |     4 ||     8
Armor: Robe              |     4 |     2 |     3 ||     9
Dodge: Dodged            |     4 |     3 |    15 ||    22

Table legend: (Time is in decaauts)
 A = Elapsed time spent in this place.
 B = Non-inter-level travel time spent in this place.
 C = Inter-level travel time spent in this place.
 D = Time resting spent in this place.
 E = Time spent auto-exploring this place.
 F = Levels seen in this place.
 G = Mean time per level.
                   A        B        C        D        E       F      G
               +--------+--------+--------+--------+--------+-----+--------+
         Total |   6188 |   6096 |     92 |   2152 |   3087 |   5 | 1237.6 |
       Dungeon |   6188 |   6096 |     92 |   2152 |   3087 |   5 | 1237.6 |
               +--------+--------+--------+--------+--------+-----+--------+

Top non-repeatable levels by time:
     D:3: 1502 daAuts
     D:4: 1497 daAuts
     D:1: 1475 daAuts
     D:5: 1050 daAuts
     D:2: 662 daAuts
